 Dungeon Crawl Stone Soup version 0.31-a0-167-g1c394c0614 (webtiles) character file.

Game seed: 10717984878438337386

3201 qw the Skirmisher (level 9, -1/85 (86) HPs)
             Began as a Naga Hunter on June 14, 2023.
             Was an Initiate of Okawaru.
             Slain by a wight
             ... wielding a +0 long sword
              (8 damage)
             ... on level 8 of the Dungeon.
             The game lasted 00:02:21 (6100 turns).

qw the Skirmisher (Naga Hunter)                     Turns: 6100, Time: 00:02:22

HP:   -1/85 (86)    AC:  5    Str: 21    XL:     9   Next: 96%
MP:   8/10          EV: 14    Int: 14    God:    Okawaru [......]
Gold: 1101          SH:  0    Dex: 18    Spells: 8/8 levels left

rFire   + + .        Y - +2 arbalest (drain)
rCold   . . .        (shield currently unavailable)
rNeg    . . .        l - +1 robe {rF+}
rPois   +            (no helmet)
rElec   .            (no cloak)
rCorr   .            (no gloves)
SInv    +            (no barding)
Will    +....        (no amulet)
Stlth   ++++         e - ring "Juluor" {rF+ Str+2 Int+3}
HPRegen 0.34/turn    b - +6 ring of strength
MPRegen 0.12/turn

%: no passive effects
@: heroic, lightly drained, very slow
A: AC +3, large, see invisible, deformed body, poison resistance, slowness 2,
spit poison 1, naga tail 1
a: Spit Poison, Renounce Religion


You were on level 8 of the Dungeon.
You worshipped Okawaru.
Okawaru was noncommittal.
You visited 2 branches of the dungeon, and saw 9 of its levels.

You collected 1101 gold pieces.


Innate Abilities, Weirdness & Mutations

Your serpentine skin is tough. (AC +3)
You have supernaturally acute eyesight. (SInv)
Armour fits poorly on your strangely shaped body.
Your system is resistant to poisons. (rPois)
You cover ground very slowly.
You can spit poison.
You have a snake-like lower body.


   Skills:
 - Level 7.3(12.3) Fighting
 + Level 10.6(15.6) Ranged Weapons
 - Level 3.2(8.2) Dodging
 - Level 1.5(6.5) Stealth
 - Level 2.2 Invocations


You had 8 spell levels left.
You didn't know any spells.
Your spell library was empty.

Inventory:

Hand Weapons
 Y - a +2 arbalest of draining (weapon)
Armour
 g - a +0 ring mail of cold resistance
 h - the +2 robe of Midsummer {+Blink rF+++ rCorr Dex-5}
   (You found it on level 3 of the Dungeon)

   Dex:       It affects your dexterity (-5).
   rF:        It renders you almost immune to fire.
   +Blink:    It lets you blink.
   rCorr:     It protects you from acid and corrosion.
 l - a +1 robe of fire resistance (worn)
Jewellery
 b - a +6 ring of strength (right hand)
 e - the ring "Juluor" (left hand) {rF+ Str+2 Int+3}
   (You found it on level 4 of the Dungeon)

   [ring of protection from fire]

   Str:       It affects your strength (+2).
   Int:       It affects your intelligence (+3).
   rF:        It protects you from fire.
Scrolls
 k - 2 scrolls of identify
Potions
 a - 2 potions of curing
 f - a potion of haste
 j - a potion of resistance

Dungeon Overview and Level Annotations

Branches:
Dungeon (8/15)             Temple (1/1) D:5
   Lair: D:8-11

Altars:
Ashenzari
Cheibriados
Dithmenos
Fedhas
Gozag
Hepliaklqana
Kikubaaqudgha
Makhleb
Nemelex Xobeh
Okawaru
Qazlal
Sif Muna
Trog
Uskayaw
Vehumet
Wu Jian
Xom
Yredelemnul
Zin
The Shining One

Annotations:
D:4 3 runed translucent doors, qw's ghost, novice GrHu
D:5 1 runed translucent door, qw's ghost, novice GrHu
D:7 1 runed translucent door, Crazy Yiuf


Message History

You have got your breath back.
A wight comes into view. It is wielding a +4 hand axe.
6094 ||| INVOKING Spit Poison.
Aiming: Spit Poison (1% risk of failure)
Press: ? - help, Shift-Dir - straight line, f/p - steam dragon The splash of poison hits the steam dragon!
The steam dragon is poisoned.
The steam dragon is heavily wounded.
You shoot a bolt. The bolt hits the steam dragon.
You drain the steam dragon.
The steam dragon is almost dead.
You shoot a bolt. The bolt hits the steam dragon.
You kill the steam dragon!
Okawaru accepts your kill.
You can now gain great but temporary skills.
You have got your breath back.
The wight closely misses you.
A wight comes into view. It is wielding a +1 morningstar.
A water moccasin comes into view.
6097 ||| INVOKING Heroism.
You gain the combat prowess of a mighty hero.
You can no longer gain great but temporary skills.
The wight hits you with a +4 hand axe.
You shoot a bolt. The bolt barely misses the wight.
The water moccasin hisses angrily.
You hear a bellow!
The wight hits you with a +1 morningstar.
You feel drained. The wight closely misses you.
A wight comes into view. It is wielding a +0 long sword.
The wight hits you with a +4 hand axe.
You feel drained.
You hear a bellow! x2
You shoot a bolt. The bolt hits the wight!!
You destroy the wight!
Okawaru accepts your kill.
You hear a bellow!
You shoot a bolt. The bolt hits the wight!!
You destroy the wight!
Okawaru accepts your kill. The water moccasin bites you!
The wight hits you with a +0 long sword!
You die...

.. .... ..#
##... . ...
....# ..
#..#...## ...
#..#.... ....
#......#.....
#..S.......
#@.......
#z)......
##[......
#......
.....# .#####
. .


You could see a water moccasin and a wight.

Vanquished Creatures
  Prince Ribbit (D:8)
  A wyvern (D:8)
  2 steam dragons
  Menkaure (D:7)
  A water moccasin (D:6)
  3 black bears
  A sky beast (D:8)
  An orc warrior (D:8)
  An ice beast (D:4)
  3 ogres
  2 centaurs (D:6)
  2 kobold brigands (D:7)
  3 bullfrogs
  5 scorpions
  2 wights (D:8)
  An oklob sapling (D:5)
  A howler monkey (D:5)
  A hound (D:6)
  3 orc priests
  An iron imp (D:3)
  A sleepcap (D:4)
  Jessica (D:2)
  2 iguanas
  2 orc wizards (D:5)
  Natasha (thrice) (D:4)
  6 gnolls
  8 adders
  A shadow imp (D:6)
  A white imp (D:6)
  2 worms
  4 dart slugs
  20 orcs
  12 endoplasms
  A giant cockroach (D:1)
  14 goblins
  7 hobgoblins
  6 quokkas
  11 ball pythons
  5 bats
  11 frilled lizards
  18 kobolds
  5 rats (D:1)
177 creatures vanquished.

Notes
Turn   | Place    | Note
-------+----------+-------------------------------------------
     0 | D:1      | qw the Naga Hunter began the quest for the Orb.
     0 | D:1      | Reached XP level 1. HP: 19/19 MP: 1/1
     0 | D:1      | 0 ||| qw: Version: 0.2-a-29-g1fa15c8
     0 | D:1      | 0 ||| qw: Game counter: 5012
     0 | D:1      | 0 ||| qw: Always use a shield: true
     0 | D:1      | 0 ||| qw: God list: Okawaru
     0 | D:1      | 0 ||| qw: Allow faded altars: false
     0 | D:1      | 0 ||| qw: Do Orc after D:15 true
     0 | D:1      | 0 ||| qw: Do second Lair branch before Depths: true
     0 | D:1      | 0 ||| qw: Lair rune preference: random
     0 | D:1      | 0 ||| qw: Plans: Normal
     0 | D:1      | 0 ||| PLANNING D:1-11
    42 | D:1      | 42 ||| INVOKING Spit Poison.
    48 | D:1      | 48 ||| INVOKING Spit Poison.
    63 | D:1      | 63 ||| INVOKING Spit Poison.
    67 | D:1      | 67 ||| INVOKING Spit Poison.
    68 | D:1      | Reached skill level 4 in Ranged Weapons
    68 | D:1      | Reached XP level 2. HP: 23/26 MP: 2/2
   105 | D:1      | 105 ||| INVOKING Spit Poison.
   120 | D:1      | 120 ||| INVOKING Spit Poison.
   183 | D:1      | 183 ||| INVOKING Spit Poison.
   191 | D:1      | 191 ||| INVOKING Spit Poison.
   204 | D:1      | 204 ||| INVOKING Spit Poison.
   207 | D:1      | 207 ||| INVOKING Spit Poison.
   222 | D:1      | 222 ||| INVOKING Spit Poison.
   225 | D:1      | 225 ||| INVOKING Spit Poison.
   266 | D:1      | 266 ||| INVOKING Spit Poison.
   280 | D:1      | 280 ||| INVOKING Spit Poison.
   291 | D:1      | 291 ||| INVOKING Spit Poison.
   295 | D:1      | Reached XP level 3. HP: 32/32 MP: 3/3
   305 | D:1      | 305 ||| INVOKING Spit Poison.
   314 | D:1      | 314 ||| INVOKING Spit Poison.
   408 | D:1      | 408 ||| INVOKING Spit Poison.
   453 | D:1      | 453 ||| INVOKING Spit Poison.
   475 | D:1      | 475 ||| INVOKING Spit Poison.
   504 | D:1      | 504 ||| INVOKING Spit Poison.
   595 | D:1      | 595 ||| INVOKING Spit Poison.
   718 | D:1      | 718 ||| READING scroll labelled SACKEM NALUE.
   718 | D:1      | Identified a scroll of acquirement
   718 | D:1      | 718 ||| ACQUIRING +2 arbalest of flaming
   718 | D:1      | Acquired a +2 arbalest of flaming
   720 | D:1      | 720 ||| UPGRADING to +2 arbalest of flaming.
   721 | D:1      | 721 ||| DROPPING +0 shortbow.
   722 | D:1      | 722 ||| READING scroll labelled YFUIXEA ISAIWKA.
   723 | D:1      | 723 ||| READING scroll labelled ZAM WAUTEGEUZ.
   724 | D:1      | 724 ||| READING 2 scrolls labelled QATEUQ POBIEB.
   725 | D:1      | 725 ||| READING scroll labelled SAYPYI KAIST.
   726 | D:1      | 726 ||| DROPPING scroll of butterflies.
   727 | D:1      | 727 ||| DROPPING scroll of noise.
   747 | D:2      | Noticed a scorpion
   748 | D:2      | 748 ||| INVOKING Spit Poison.
   751 | D:2      | 751 ||| INVOKING Spit Poison.
   752 | D:2      | Killed a scorpion
   753 | D:2      | Reached skill level 5 in Ranged Weapons
   753 | D:2      | Reached XP level 4. HP: 39/39 MP: 4/4
   837 | D:2      | 837 ||| INVOKING Spit Poison.
   897 | D:2      | 897 ||| INVOKING Spit Poison.
   938 | D:2      | 938 ||| INVOKING Spit Poison.
   941 | D:2      | 941 ||| INVOKING Spit Poison.
  1025 | D:2      | 1025 ||| INVOKING Spit Poison.
  1032 | D:2      | 1032 ||| INVOKING Spit Poison.
  1146 | D:2      | 1146 ||| INVOKING Spit Poison.
  1249 | D:2      | Noticed Jessica
  1250 | D:2      | 1250 ||| INVOKING Spit Poison.
  1256 | D:2      | 1256 ||| INVOKING Spit Poison.
  1256 | D:2      | Killed Jessica
  1257 | D:2      | Reached XP level 5. HP: 35/48 MP: 5/5
  1315 | D:2      | 1315 ||| INVOKING Spit Poison.
  1329 | D:2      | 1329 ||| INVOKING Spit Poison.
  1359 | D:2      | 1359 ||| READING scroll labelled APSAGAZOOV.
  1364 | D:2      | 1364 ||| DRINKING 3 lumpy emerald potions.
  1365 | D:2      | 1365 ||| DROPPING 2 potions of attraction.
  1371 | D:2      | 1371 ||| INVOKING Spit Poison.
  1386 | D:3      | 1386 ||| INVOKING Spit Poison.
  1390 | D:3      | 1390 ||| INVOKING Spit Poison.
  1391 | D:3      | Reached skill level 3 in Fighting
  1412 | D:3      | 1412 ||| INVOKING Spit Poison.
  1415 | D:3      | 1415 ||| INVOKING Spit Poison.
  1419 | D:3      | 1419 ||| INVOKING Spit Poison.
  1433 | D:3      | 1433 ||| INVOKING Spit Poison.
  1438 | D:3      | 1438 ||| INVOKING Spit Poison.
  1439 | D:3      | 1439 ||| INVOKING Spit Poison.
  1516 | D:3      | 1516 ||| INVOKING Spit Poison.
  1527 | D:3      | Found a glowing golden altar of the Shining One.
  1584 | D:3      | Found a snail-covered altar of Cheibriados.
  1644 | D:3      | 1644 ||| INVOKING Spit Poison.
  1645 | D:3      | 1645 ||| Stepping ~*~*~tactically~*~*~ (outnumbered).
  1649 | D:3      | 1649 ||| INVOKING Spit Poison.
  1650 | D:3      | You fall into a shaft and drop 1 floor!
  1667 | D:4      | Identified the ring "Juluor" {rF+ Str+2 Int+3}
  1714 | D:4      | 1714 ||| UPGRADING to ring "Juluor" {rF+ Str+2 Int+3}.
  1715 | D:4      | 1715 ||| READING scroll labelled NUAMOJEDGHOONN.
  1716 | D:4      | 1716 ||| DRINKING 2 silvery potions.
  1723 | D:4      | Noticed Natasha
  1724 | D:4      | 1724 ||| INVOKING Spit Poison.
  1726 | D:4      | Killed Natasha
  1727 | D:4      | Reached skill level 6 in Ranged Weapons
  1727 | D:4      | Reached XP level 6. HP: 50/56 MP: 6/6
  1757 | D:4      | 1757 ||| FLEEEEING.
  1758 | D:4      | 1758 ||| STAIRDANCE
  1805 | D:3      | Identified the +2 robe of Midsummer {+Blink rF+++ rCorr
                  | Dex-5}
  1864 | D:3      | 1864 ||| INVOKING Spit Poison.
  1990 | D:3      | 1990 ||| READING scroll labelled ITUEZXU HAIS.
  2034 | D:4      | 2034 ||| Stepping ~*~*~tactically~*~*~ (outnumbered).
  2036 | D:4      | 2036 ||| Stepping ~*~*~tactically~*~*~ (outnumbered).
  2039 | D:4      | 2039 ||| INVOKING Spit Poison.
  2046 | D:4      | 2046 ||| INVOKING Spit Poison.
  2161 | D:4      | 2161 ||| INVOKING Spit Poison.
  2162 | D:4      | 2162 ||| INVOKING Spit Poison.
  2167 | D:4      | 2167 ||| INVOKING Spit Poison.
  2173 | D:4      | 2173 ||| INVOKING Spit Poison.
  2177 | D:4      | 2177 ||| INVOKING Spit Poison.
  2255 | D:4      | Found a radiant altar of Vehumet.
  2434 | D:4      | Found a shadowy altar of Dithmenos.
  2455 | D:4      | 2455 ||| INVOKING Spit Poison.
  2460 | D:4      | Reached XP level 7. HP: 66/66 MP: 7/7
  2568 | D:4      | Noticed Natasha
  2569 | D:4      | 2569 ||| INVOKING Spit Poison.
  2570 | D:4      | Killed Natasha
  2576 | D:4      | Found a runed translucent gate.
  2576 | D:4      | Found a runed translucent gate.
  2576 | D:4      | Found a runed translucent gate.
  2580 | D:4      | Noticed qw's ghost (novice GrHu)
  2624 | D:4      | Found an opulent altar of Gozag.
  2749 | D:4      | 2749 ||| INVOKING Spit Poison.
  2750 | D:4      | Reached skill level 7 in Ranged Weapons
  2780 | D:4      | 2780 ||| INVOKING Spit Poison.
  2790 | D:4      | 2790 ||| INVOKING Spit Poison.
  2843 | D:4      | Noticed Natasha
  2845 | D:4      | 2845 ||| INVOKING Spit Poison.
  2849 | D:4      | 2849 ||| INVOKING Spit Poison.
  2850 | D:4      | Killed Natasha
  3032 | D:4      | 3032 ||| UPGRADING to +6 ring of strength.
  3033 | D:4      | 3033 ||| READING scroll labelled LYDAJU FIGE.
  3049 | D:5      | Entered Level 5 of the Dungeon
  3064 | D:5      | 3064 ||| INVOKING Spit Poison.
  3068 | D:5      | 3068 ||| INVOKING Spit Poison.
  3090 | D:5      | 3090 ||| INVOKING Spit Poison.
  3098 | D:5      | 3098 ||| INVOKING Spit Poison.
  3102 | D:5      | 3102 ||| INVOKING Spit Poison.
  3131 | D:5      | 3131 ||| INVOKING Spit Poison.
  3134 | D:5      | 3134 ||| INVOKING Spit Poison.
  3136 | D:5      | Reached XP level 8. HP: 66/73 MP: 8/8
  3165 | D:5      | 3165 ||| INVOKING Spit Poison.
  3173 | D:5      | 3173 ||| INVOKING Spit Poison.
  3174 | D:5      | Reached skill level 8 in Ranged Weapons
  3224 | D:5      | Found a runed translucent door.
  3227 | D:5      | Noticed qw's ghost (novice GrHu)
  3242 | D:5      | 3242 ||| UPGRADING to +1 robe of fire resistance.
  3252 | D:5      | 3252 ||| DROPPING +0 leather armour.
  3253 | D:5      | 3253 ||| READING 2 scrolls of identify.
  3253 | D:5      | 3253 ||| IDENTIFYING fizzy grey potion
  3256 | D:5      | Found a staircase to the Ecumenical Temple.
  3257 | D:5      | 3257 ||| PLANNING TEMPLE
  3264 | D:5      | 3264 ||| FLEEEEING.
  3265 | D:5      | 3265 ||| FLEEEEING.
  3266 | D:5      | 3266 ||| FLEEEEING.
  3267 | D:5      | 3267 ||| FLEEEEING.
  3268 | D:5      | 3268 ||| FLEEEEING.
  3271 | D:5      | 3271 ||| FLEEEEING.
  3272 | D:5      | 3272 ||| FLEEEEING.
  3273 | D:5      | 3273 ||| FLEEEEING.
  3278 | D:5      | 3278 ||| FLEEEEING.
  3279 | D:5      | 3279 ||| FLEEEEING.
  3280 | D:5      | 3280 ||| FLEEEEING.
  3281 | D:5      | 3281 ||| FLEEEEING.
  3282 | D:5      | 3282 ||| FLEEEEING.
  3283 | D:5      | 3283 ||| FLEEEEING.
  3284 | D:5      | 3284 ||| STAIRDANCE
  3442 | D:5      | 3442 ||| INVOKING Spit Poison.
  3461 | Temple   | Entered the Ecumenical Temple
  3481 | Temple   | 3481 ||| PLANNING OKAWARU WORSHIP
  3637 | Temple   | Became a worshipper of Warmaster Okawaru
  3638 | Temple   | 3638 ||| PLANNING D:1-11
  3707 | D:5      | 3707 ||| INVOKING Spit Poison.
  3710 | D:5      | 3710 ||| INVOKING Spit Poison.
  3715 | D:5      | 3715 ||| INVOKING Spit Poison.
  3720 | D:5      | 3720 ||| INVOKING Spit Poison.
  3861 | D:5      | 3861 ||| DRINKING 2 sedimented puce potions.
  3892 | D:5      | 3892 ||| DROPPING potion of lignification.
  3913 | D:6      | Found a blossoming altar of Fedhas.
  3917 | D:6      | 3917 ||| INVOKING Spit Poison.
  4009 | D:6      | 4009 ||| INVOKING Spit Poison.
  4014 | D:6      | 4014 ||| INVOKING Spit Poison.
  4094 | D:6      | 4094 ||| INVOKING Spit Poison.
  4146 | D:6      | 4146 ||| INVOKING Spit Poison.
  4149 | D:6      | 4149 ||| INVOKING Spit Poison.
  4152 | D:6      | Reached skill level 9 in Ranged Weapons
  4189 | D:6      | 4189 ||| INVOKING Spit Poison.
  4190 | D:6      | Reached * piety under Okawaru
  4191 | D:6      | 4191 ||| INVOKING Heroism.
  4402 | D:6      | 4402 ||| INVOKING Spit Poison.
  4510 | D:6      | Found a bloodstained altar of Trog.
  4649 | D:6      | 4649 ||| INVOKING Spit Poison.
  4653 | D:6      | 4653 ||| INVOKING Spit Poison.
  4655 | D:6      | Reached skill level 6 in Fighting
  4703 | D:6      | 4703 ||| DROPPING ring of wizardry.
  4704 | D:6      | 4704 ||| READING scroll labelled ZIUMAE ZYEGE.
  4805 | D:6      | 4805 ||| DRINKING 2 clear potions.
  4806 | D:6      | 4806 ||| DROPPING potion of degeneration.
  4845 | D:7      | Noticed Menkaure
  4846 | D:7      | 4846 ||| INVOKING Heroism.
  4847 | D:7      | Killed Menkaure
  4848 | D:7      | Reached XP level 9. HP: 82/82 MP: 6/9
  4897 | D:7      | 4897 ||| INVOKING Spit Poison.
  4902 | D:7      | 4902 ||| INVOKING Spit Poison.
  4905 | D:7      | 4905 ||| INVOKING Heroism.
  4906 | D:7      | 4906 ||| INVOKING Spit Poison.
  4941 | D:7      | 4941 ||| INVOKING Spit Poison.
  4943 | D:7      | 4943 ||| Stepping ~*~*~tactically~*~*~ (outnumbered).
  4945 | D:7      | 4945 ||| INVOKING Spit Poison.
  4951 | D:7      | 4951 ||| INVOKING Spit Poison.
  4954 | D:7      | Reached skill level 1 in Invocations
  4955 | D:7      | 4955 ||| INVOKING Spit Poison.
  4956 | D:7      | 4956 ||| INVOKING Heroism.
  5066 | D:7      | 5066 ||| INVOKING Spit Poison.
  5068 | D:7      | Reached skill level 10 in Ranged Weapons
  5069 | D:7      | 5069 ||| INVOKING Spit Poison.
  5072 | D:7      | 5072 ||| INVOKING Spit Poison.
  5077 | D:7      | 5077 ||| INVOKING Spit Poison.
  5080 | D:7      | 5080 ||| INVOKING Spit Poison.
  5111 | D:7      | 5111 ||| INVOKING Spit Poison.
  5127 | D:7      | 5127 ||| READING scroll of acquirement.
  5127 | D:7      | 5127 ||| ACQUIRING 736 gold pieces
  5127 | D:7      | Acquired 736 gold pieces
  5330 | D:7      | 5330 ||| INVOKING Spit Poison.
  5334 | D:7      | 5334 ||| INVOKING Spit Poison.
  5336 | D:7      | 5336 ||| INVOKING Heroism.
  5401 | D:7      | 5401 ||| INVOKING Heroism.
  5403 | D:7      | 5403 ||| INVOKING Spit Poison.
  5407 | D:7      | 5407 ||| INVOKING Spit Poison.
  5408 | D:7      | Reached skill level 3 in Dodging
  5419 | D:7      | Found a hazy altar of Hepliaklqana.
  5429 | D:7      | Found a sparkling altar of Nemelex Xobeh.
  5520 | D:7      | 5520 ||| INVOKING Spit Poison.
  5569 | D:7      | Found a runed translucent door.
  5570 | D:7      | Noticed Crazy Yiuf
  5797 | D:7      | 5797 ||| READING scroll labelled ONGUNN LUSIFF.
  5798 | D:7      | 5798 ||| READING 4 scrolls of identify.
  5798 | D:7      | 5798 ||| IDENTIFYING fuming puce potion
  5799 | D:7      | 5799 ||| READING 3 scrolls of identify.
  5799 | D:7      | 5799 ||| IDENTIFYING glowing grey potion
  5800 | D:7      | 5800 ||| READING 2 scrolls of identify.
  5800 | D:7      | 5800 ||| IDENTIFYING viscous yellow potion
  5801 | D:7      | 5801 ||| DROPPING potion of enlightenment.
  5802 | D:7      | 5802 ||| DROPPING potion of invisibility.
  5856 | D:8      | 5856 ||| INVOKING Spit Poison.
  5877 | D:8      | Noticed Prince Ribbit
  5878 | D:8      | 5878 ||| INVOKING Spit Poison.
  5882 | D:8      | 5882 ||| INVOKING Spit Poison.
  5884 | D:8      | Killed Prince Ribbit
  5893 | D:8      | 5893 ||| INVOKING Spit Poison.
  5897 | D:8      | 5897 ||| INVOKING Spit Poison.
  5957 | D:8      | 5957 ||| INVOKING Heroism.
  5958 | D:8      | 5958 ||| Stepping ~*~*~tactically~*~*~ (outnumbered).
  5975 | D:8      | 5975 ||| INVOKING Heroism.
  5976 | D:8      | 5976 ||| Stepping ~*~*~tactically~*~*~ (outnumbered).
  5992 | D:8      | 5992 ||| Stepping ~*~*~tactically~*~*~ (outnumbered).
  5994 | D:8      | 5994 ||| Stepping ~*~*~tactically~*~*~ (outnumbered).
  5996 | D:8      | 5996 ||| Stepping ~*~*~tactically~*~*~ (outnumbered).
  5998 | D:8      | 5998 ||| Stepping ~*~*~tactically~*~*~ (outnumbered).
  6000 | D:8      | 6000 ||| Stepping ~*~*~tactically~*~*~ (outnumbered).
  6001 | D:8      | 6001 ||| INVOKING Spit Poison.
  6002 | D:8      | 6002 ||| Stepping ~*~*~tactically~*~*~ (outnumbered).
  6003 | D:8      | 6003 ||| Stepping ~*~*~tactically~*~*~ (outnumbered).
  6004 | D:8      | 6004 ||| INVOKING Spit Poison.
  6051 | D:8      | 6051 ||| INVOKING Spit Poison.
  6053 | D:8      | 6053 ||| Stepping ~*~*~tactically~*~*~ (outnumbered).
  6054 | D:8      | 6054 ||| INVOKING Spit Poison.
  6058 | D:8      | 6058 ||| INVOKING Spit Poison.
  6062 | D:8      | 6062 ||| INVOKING Spit Poison.
  6062 | D:8      | HP: 21/86 [orc warrior/+0 halberd (12)]
  6063 | D:8      | 6063 ||| READING 2 scrolls of teleportation.
  6064 | D:8      | 6064 ||| DRINKING potion of heal wounds.
  6066 | D:8      | 6066 ||| INVOKING Heroism.
  6066 | D:8      | HP: 9/86 [orc warrior/+0 halberd (13)]
  6089 | D:8      | 6089 ||| READING scroll of teleportation.
  6091 | D:8      | 6091 ||| INVOKING Spit Poison.
  6094 | D:8      | 6094 ||| INVOKING Spit Poison.
  6097 | D:8      | 6097 ||| INVOKING Heroism.
  6097 | D:8      | HP: 18/86 [wight/+4 hand axe (3)]
  6100 | D:8      | HP: 7/85 [water moccasin (7)]
  6100 | D:8      | Slain by a wight

Levels and vault maps discovered:
D:1:      psy_arrival_statuary, layout_basic, chequers_serial_rivers_micro_c,
          minmay_lizard_pond
D:2:      layout_loops_cross, serial_bayou_pond_b, uniq_jessica
D:3:      layout_basic, slow_altar_1, tso_metal_star
D:4:      layout_layer_cave, general_overflow_altar,
          mainiacjoe_overflow_24_doors, kennysheep_little_box,
          gammafunk_ghost_split, uniq_natasha
D:5:      layout_rooms, minmay_temple_entry_oklob, ebering_ghost_reflecting_pool
D:6:      layout_cave_pools, mainiacjoe_overflow_brackets, fedhas_altar_2,
          chequers_serial_rivers_room_a, kennysheep_diamond
D:7:      layout_loops_ring, mainiacjoe_overflow_big_doors, serial_glass,
          glass_columns_c, glass_columns_b, uniq_menkaure,
          uniq_crazy_yiuf_cottage
D:8:      layout_cave_pools, gammafunk_temple_overflow_arena, enter_bailey_3,
          uniq_prince_ribbit1
Temple:   nicolae_temple_bog_church

Skill      XL: |  1  2  3  4  5  6  7  8  9 |
---------------+----------------------------+-----
Ranged Weapons | 4 5 6 7 9 10 | 10.6
Fighting       | 3 4 6 7 |  7.3
Dodging        | 2 3 |  3.2
Invocations    | 2 |  2.2
Stealth        | |  1.5

Action                     |  1- 3 |  4- 6 |  7- 9 || total
---------------------------+-------+-------+-------++-------
   Fire: Shortbow          |    57 |       |       ||    57
         Arbalest          |     3 |    74 |   168 ||   245
 Invoke: Heroism           |       |       |    10 ||    10
Ability: Spit Poison       |    24 |    31 |    61 ||   116
    Use: Scroll            |     5 |     3 |    10 ||    18
         Potion            |       |     2 |     3 ||     5
 Armour: Leather armour    |     4 |    16 |     5 ||    25
         Robe              |       |       |    33 ||    33
  Dodge: Dodged            |     2 |    25 |    69 ||    96

Table legend:
 A = Non-vault XP
 B = Vault XP
 C = Vault XP percentage of total XP
 D = Non-vault monster count
 E = Vault monster count
 F = Vault count percentage of total count
                 A         B        C        D         E       F
            +---------+---------+-------+---------+---------+-------
      Total |    3897 |     749 |  16.1 |     157 |      20 |  11.3
            +---------+---------+-------+---------+---------+-------
        D:1 |      42 |       6 |  12.5 |      27 |       6 |  18.2
        D:2 |     107 |      40 |  27.2 |      13 |       3 |  18.8
        D:3 |      50 |      40 |  44.4 |      19 |       1 |   5.0
        D:4 |     576 |      32 |   5.3 |      22 |       1 |   4.3
        D:5 |     504 |      59 |  10.5 |      24 |       1 |   4.0
        D:6 |     757 |     121 |  13.8 |      13 |       2 |  13.3
        D:7 |     961 |     169 |  15.0 |      26 |       1 |   3.7
        D:8 |     900 |     282 |  23.9 |      13 |       5 |  27.8
            +---------+---------+-------+---------+---------+-------
